 Dungeon Crawl Stone Soup version bcrawl-1.34.4 (webtiles) character file.

Game seed: 4325871584807710957

256745 KristoblXynda the Slicer (level 9, 0/63 HPs)
             Began as a Kobold Gladiator on Nov 5, 2021.
             Slain by an orc warrior
             ... wielding a +0 dire flail
              (8 damage)
             ... on level 5 of the Dungeon.
             The game lasted 00:11:11 (5486 turns).

KristoblXynda the Slicer (Kobold Gladiator)         Turns: 5486, Time: 00:11:11

Health: 0/63       AC: 13    Str: 19    XL:     9   Next: 25%
Magic:  9/9        EV: 19    Int:  9    God:
Gold:   166        SH:  0    Dex: 18    Spells: 8/8 levels left

rFire    . . .     SeeInvis .   m - +1 dagger (vamp)
rCold    . . .     Gourm    .   (shield restricted)
rNeg     . . .     Faith    .   u - +0 ring mail
rPois    .         Spirit   .   c - +0 helmet
rElec    .         Reflect  .   (no cloak)
rCorr    .         Harm     .   (no gloves)
MR       .....                  q - +2 pair of boots
Stlth    +++.......             (no amulet)
HPRegen  0.20/turn              p - +5 ring of strength
MPRegen  0.11/turn              n - +4 ring of protection

@: no status effects
A: small, talons 1, carnivore, mutation resistance 1, sense surroundings 2
a: no special abilities


You were on level 5 of the Dungeon.
You were very full.

You visited 1 branch of the dungeon, and saw 6 of its levels.
You also visited: Sewer.

You collected 422 gold pieces.
You spent 256 gold pieces at shops.

Inventory:

Hand Weapons
 f - a +5 dagger
 m - a +1 vampiric dagger (weapon)
Armour
 c - a +0 helmet (worn)
 q - a +2 pair of boots (worn)
 u - a +0 ring mail (worn)
Jewellery
 n - a +4 ring of protection (right hand)
 p - a +5 ring of strength (left hand)
Scrolls
 g - 3 scrolls of enchant armour
 i - 2 scrolls of identify
 o - a scroll of immolation
 s - 8 scrolls of remove curse
Potions
 a - a potion of brilliance {unknown}
 b - a potion of invisibility {unknown}
 h - 3 potions of flight
 j - a potion of might
 k - 6 potions of curing
 l - 2 potions of lignification
 r - a potion of mutation {unknown}
 w - 2 potions of agility
 x - a potion of haste
 z - 2 potions of resistance
Comestibles
 e - 10 rations {!d}


   Skills:
 + Level 6.8 Fighting
 + Level 8.1 Short Blades
 - Level 3.7 Throwing
 + Level 2.7 Armour
 + Level 7.4 Dodging
 + Level 7.0 Stealth


You had 8 spell levels left.
You didn't know any spells.
Your spell library was empty.

Dungeon Overview and Level Annotations

Branches:
Dungeon (6/12)
 Temple: D:4-7

Altars:
Vehumet

Shops:
D:5 [


Innate Abilities, Weirdness & Mutations

You are small and have problems with some larger weapons.
You have sharp toenails.
You are carnivorous and can eat meat at any time.
You are somewhat resistant to further mutation.
You passively map the area around you.


Message History

The orc warrior is moderately wounded.
The orc completely misses you.
You hit the orc warrior but do no damage.
The orc warrior is moderately wounded.
The orc warrior hits you but does no damage.
You hit the orc warrior.
You feel better.
The orc warrior is heavily wounded.
The orc priest mumbles some strange prayers to Beogh against you.
Beogh smites you! The orc misses you.
You see here 14 gold pieces.
You now have 166 gold pieces (gained 14).
The orc warrior misses you.
There is a stone staircase leading up here.
The orc warrior hits you with a +0 dire flail!!
* * * LOW HITPOINT WARNING * * *
A rune on the stairs sparks and fizzles.
You climb upwards.
There is a stone staircase leading down here.
The orc warrior hits you with a +0 dire flail!
You die...

..###.......#....###..#..##.#.##.
.###........#......#...#.....#...
...##.##...#..^...##.##..........
...##..###.##.........#..........
...##...#..#.....##..#...#.......
....##.....#.....)......##.......
...####.................##.......
.....##........>.....#######....#
.......(.......o@.....# ##...###
..##..........###....## ##...####
.#####........##.....####......#.
.####....##.....##........#......
###.......##....##.#...##.#....#.
##....###.....##.#....#......##
###..# ##..#..#.........#..##
#### ####..........####.#
#.........## ###


You could see an orc warrior.

Vanquished Creatures
  Prince Ribbit (D:5)
  Grinder (Sewer)
  A sky beast (D:4)
  An ice beast (D:5)
  A phantom (Sewer)
  An orc warrior (D:5)
  An ogre (D:4)
  A big kobold (Sewer)
  A scorpion (D:4)
  A wight (Sewer)
  4 crimson imps
  A bullfrog zombie (D:5)
  2 hounds
  A centaur skeleton (D:4)
  3 orc wizards
  3 worker ants
  3 big kobold zombies (Sewer)
  A hound zombie (D:5)
  Robin (D:3)
  3 adders
  4 gnolls
  A howler monkey skeleton (D:4)
  7 shadow imps
  An ufetubus (Sewer)
  3 oozes
  An adder skeleton (D:5)
  2 adder zombies (Sewer)
  3 worms (D:4)
  A dart slug (D:2)
  6 leopard geckos
  9 orcs
  2 ball pythons (Sewer)
  4 giant cockroaches
  4 goblins
  7 hobgoblins
  5 jackals (D:5)
  14 kobolds
  A quokka (D:3)
  5 bats
  3 frilled lizards
  A giant cockroach zombie (Sewer)
  2 kobold zombies (Sewer)
  5 rats
123 creatures vanquished.

Notes
Turn   | Place    | Note
-------+----------+-------------------------------------------
     0 | D:1      | KristoblXynda the Kobold Gladiator began the quest for the
                  | Orb.
     0 | D:1      | Reached XP level 1. HP: 16/16 MP: 1/1
   151 | D:1      | Reached XP level 2. HP: 21/21 MP: 2/2
   551 | D:1      | Reached XP level 3. HP: 26/26 MP: 3/3
   906 | D:2      | Found a radiant altar of Vehumet.
  1358 | D:3      | Noticed Robin
  1383 | D:3      | Killed Robin
  1384 | D:3      | Reached XP level 4. HP: 33/33 MP: 4/4
  2364 | D:4      | Reached skill level 1 in Stealth
  2364 | D:4      | Reached XP level 5. HP: 31/37 MP: 5/5
  2387 | D:4      | Noticed an ogre
  2396 | D:4      | Killed an ogre
  2397 | D:4      | Reached skill level 5 in Short Blades
  2492 | D:4      | Reached XP level 6. HP: 42/44 MP: 6/6
  2498 | D:4      | Reached skill level 5 in Dodging
  2604 | D:4      | Noticed a sky beast
  2693 | D:4      | Found a glowing drain.
  2714 | D:4      | Reached XP level 7. HP: 43/49 MP: 7/7
  2734 | Sewer    | Entered a sewer
  2782 | Sewer    | Reached skill level 5 in Fighting
  2836 | Sewer    | Reached skill level 6 in Short Blades
  3154 | Sewer    | Found an ancient bone altar of Kikubaaqudgha.
  3158 | Sewer    | Noticed Grinder
  3200 | Sewer    | HP: 1/50 [Grinder (6)]
  3228 | Sewer    | Killed Grinder
  3229 | Sewer    | Reached skill level 5 in Stealth
  3229 | Sewer    | Reached XP level 8. HP: 15/56 MP: 8/8
  3473 | Sewer    | Reached skill level 7 in Short Blades
  4262 | D:5      | Entered Level 5 of the Dungeon
  4357 | D:5      | Reached skill level 1 in Armour
  4361 | D:5      | Noticed Prince Ribbit
  5010 | D:5      | Killed Prince Ribbit
  5011 | D:5      | Reached XP level 9. HP: 63/63 MP: 9/9
  5094 | D:5      | Reached skill level 8 in Short Blades
  5184 | D:5      | Found Bourre's Antique Armour Shoppe.
  5219 | D:5      | Bought a pair of faintly glowing boots for 256 gold pieces
  5230 | D:5      | Identified the cursed -4 pair of boots "Ahetivy" {Int+2}
                  | (You bought it in a shop on level 5 of the Dungeon)
  5486 | D:5      | Slain by an orc warrior

Skill      XL: |  1  2  3  4  5  6  7  8  9 |
---------------+----------------------------+-----
Throwing       | 3 |  3.7
Dodging        | 4 5 6 7 |  7.4
Fighting       | 4 5 6 |  6.8
Stealth        | 1 2 3 5 6 7 |  7.0
Short Blades   | 5 6 7 8 |  8.1
Armour         | 2 |  2.7

Action                   |  1- 3 |  4- 6 |  7- 9 || total
-------------------------+-------+-------+-------++-------
Melee: Rapier            |    36 |       |       ||    36
       Kick              |    20 |    44 |   103 ||   167
       Dagger            |    35 |   152 |   811 ||   998
Throw: Throwing net      |       |     1 |     7 ||     8
  Use: Scroll            |       |     8 |     8 ||    16
       Potion            |       |     1 |     3 ||     4
 Stab: Sleeping          |     3 |     3 |     3 ||     9
       Held in net/web   |       |     1 |     2 ||     3
  Eat: Chunk             |    10 |    10 |    19 ||    39
       Ration            |       |       |     2 ||     2
Armor: Leather armour    |     9 |    23 |    48 ||    80
       Ring mail         |       |       |    96 ||    96
Dodge: Dodged            |    31 |    93 |   592 ||   716
